 Dungeon Crawl Stone Soup version 0.25.0-26-g0c896c7088 (webtiles) character file.

Game seed: 18334284828434421995

(classic levelgen) 4667 EnegeticOcto the Cleaver (level 10, -4/84 HPs)
             Began as a Deep Dwarf Fighter on July 4, 2020.
             Was an Initiate of Uskayaw.
             Slain by a spiny frog (17 damage)
             ... on level 2 of the Lair of Beasts.
             The game lasted 00:08:00 (1336 turns).

EnegeticOcto the Cleaver (Deep Dwarf Fighter)       Turns: 1336, Time: 00:08:01

Health: -4/84      AC: 12    Str: 23    XL:     10   Next: 20%
Magic:  6/12       EV:  4    Int:  9    God:    Uskayaw [......]
Gold:   109        SH: 10    Dex: 12    Spells: 9/9 levels left

rFire    . . .     SeeInvis .   a - +1 war axe
rCold    . . .     Gourm    .   c - +0 kite shield
rNeg     . . .     Faith    .   q - +0 plate armour
rPois    .         Spirit   .   f - +0 helmet
rElec    .         Reflect  .   (no cloak)
rCorr    .         Harm     .   (no gloves)
MR       +....     Rnd*Tele +   (no boots)
Stlth    ..........             (no amulet)
HPRegen  0.00/turn              l - ring of teleportation (curse)
MPRegen  0.13/turn              u - ring of wizardry

@: lethally poisoned (-4 -> -48), non-regenerating
A: damage resistance, heal wounds, sense surroundings 2, no regeneration
a: Heal Wounds, Renounce Religion


You were on level 2 of the Lair of Beasts.
You worshipped Uskayaw.
Uskayaw was aware of your devotion.
You were very hungry.

You visited 3 branches of the dungeon, and saw 13 of its levels.

You collected 109 gold pieces.

Inventory:

Hand Weapons
 a - a +1 war axe (weapon)
Missiles
 r - 5 throwing nets (quivered) {!f}
Armour
 b - a +0 scale mail
 c - a +0 kite shield (worn)
 f - a +0 helmet (worn)
 g - a +0 chain mail
 q - a +0 plate armour (worn)
 s - a +4 ring mail of poison resistance
Jewellery
 l - a cursed ring of teleportation (left hand)
 u - a ring of wizardry (right hand)
Wands
 h - a wand of digging (7) {@v3}
 k - a wand of enslavement (17)
 w - a wand of clouds (5)
Scrolls
 j - 2 scrolls of enchant weapon
 m - a scroll of teleportation {@r3 !r}
Potions
 d - a potion of might {@q3 !q}
 i - a potion of flight
 n - a potion of cancellation {unknown}
 o - 2 potions of lignification {unknown}
 t - a potion of curing {unknown}
 v - a potion of resistance {unknown}
Comestibles
 e - a ration


   Skills:
 + Level 3.2 Fighting
 + Level 12.3 Axes
 - Level 3.2 Armour
 + Level 4.0 Shields
 + Level 11.8 Invocations


You had 9 spell levels left.
You didn't know any spells.
Your spell library contained the following spells:

 Spells                   Type           Power        Failure   Level  Hunger
 Sandblast                Erth           #.....       100%        1    ##.....
 Passwall                 Tmut/Erth      #.......     100%        2    ###....
 Stone Arrow              Conj/Erth      #.....       100%        3    ####...
 Petrify                  Tmut/Erth      #.......     100%        4    #####..
 Lee's Rapid Deconstruct  Erth           #.........   100%        5    ######.


Dungeon Overview and Level Annotations

Branches:
Dungeon (10/15)            Temple (1/1) D:6            Lair (2/6) D:10
  Swamp: Lair:2-4    Shoals: Lair:2-4     Snake: Lair:2-4    Spider: Lair:2-4
    Orc: D:9-12

Altars:
Ashenzari
Cheibriados
Dithmenos
Fedhas
Gozag
Hepliaklqana
Kikubaaqudgha
Makhleb
Nemelex Xobeh
Okawaru
Ru
Uskayaw
Vehumet
Xom
Yredelemnul
The Shining One

Shops:
D:5 %

Annotations:
D:6 Blork the orc
D:8 Pikel


Innate Abilities, Weirdness & Mutations

You are resistant to damage.
You can heal yourself by infusing magical energy.
You passively map the area around you.
You do not regenerate.


Message History

The hippogriff claws you but does no damage.
The porcupine bites you but does no damage.
You can now pass through a line of other dancers.
You closely miss the porcupine.
The porcupine is lightly wounded.
You slash the hippogriff! The hippogriff barely misses you.
The hippogriff pecks you but does no damage.
You block the hippogriff's attack.
The porcupine bites you but does no damage.
You are struck by the porcupine's spines.
Your shield and plate armour prevent you from hitting the porcupine.
The porcupine is lightly wounded.
You slash the hippogriff! The porcupine barely misses you.
You block the hippogriff's attack. x2; The hippogriff barely misses you.
You slash the porcupine!
The porcupine is almost dead.
Your plate armour prevents you from hitting the hippogriff.
The porcupine bites you!
The hippogriff bites you but does no damage.
You block the hippogriff's attack. The hippogriff claws you.
Uskayaw will force your foes to helplessly watch your dance.
Uskayaw prepares the audience for your solo!
You are struck by the porcupine's spines.
* * * LOW HITPOINT WARNING * * *
The helpless porcupine fails to defend itself.
You slash the porcupine!
You kill the porcupine!
The helpless hippogriff fails to defend itself.
You slash the hippogriff!
You kill the hippogriff!
Your Shields skill increases to level 4!
Your magical essence is drained by the effort!
You feel much better.
Your magical essence is drained by the effort!
You feel much better.
You can no longer pass through a line of other dancers.
A spiny frog comes into view.
The spiny frog gives a loud, deep croak!
You hear an angry hiss.
The spiny frog moves out of view.
A black mamba comes into view.
The black mamba hisses angrily.
You feel much better. The black mamba bites you!
You barely miss the black mamba. You closely miss the spiny frog.
The black mamba bites you but does no damage.
The spiny frog stings you but does no damage.
You hit the black mamba.
The black mamba is lightly wounded.
You closely miss the spiny frog. You block the black mamba's attack.
The spiny frog barely misses you. The black mamba bites you.
You closely miss the black mamba.
The black mamba is lightly wounded.
You hit the spiny frog but do no damage.
The black mamba bites you.
The spiny frog stings you but does no damage.
You miss the black mamba.
The black mamba is lightly wounded.
You hit the spiny frog but do no damage.
The black mamba bites you! You block the spiny frog's attack.
The black mamba bites you. You block the spiny frog's attack.
You hit the black mamba.
The black mamba is lightly wounded.
You hit the spiny frog.
The black mamba bites you but does no damage.
You block the black mamba's attack. You block the spiny frog's attack.
You miss the black mamba.
The black mamba is lightly wounded.
Your shield and plate armour prevent you from hitting the spiny frog.
The black mamba barely misses you. You block the spiny frog's attack.
The black mamba bites you!
You are poisoned.
The black mamba poisons you!
You miss the black mamba.
The black mamba is lightly wounded.
Your shield and plate armour prevent you from hitting the spiny frog.
You block the black mamba's attack. The spiny frog stings you.
You are more poisoned.
The spiny frog poisons you! The black mamba bites you!
You are more poisoned.
The black mamba poisons you!
You stomp with the beat, sending a shockwave through the revelers around you!
The spiny frog is heavily wounded.
The black mamba is heavily wounded.
You are feeling very hungry.
You can no longer stomp with the beat.
You feel very sick. The black mamba bites you! The spiny frog stings you.
You are lethally poisoned!
The spiny frog poisons you! You block the black mamba's attack.
You can now stomp with the beat.
You stomp with the beat, sending a shockwave through the revelers around you!
The spiny frog is almost dead.
The black mamba is almost dead.
You feel somewhat more hungry.
You can no longer stomp with the beat.
You feel very sick. The spiny frog stings you!
* * * LOW HITPOINT WARNING * * *
The black mamba bites you!
* * * LOW HITPOINT WARNING * * *
The spiny frog stings you!!
You die...

* ###.... ..
......####.#.... , , ,... ##
.......,........ ,
....###.#........P#.#.#P+ *
* ,
......................... *
**##................
#.>..... #.....#...#.....
#......$ #........S..# ..
#.......
#....#...@F.#.....#.......
#....#....................
#.....##..###.....#.......
#.................###.##.. *
###.........##..##..........
###P...###.PP..#
##...#..P.... ,
,......P.....#..#
#..#...#....
,,,......P.....#..#
#.#........ ......##P..#..##
#..........


You could see a black mamba and a spiny frog.

Vanquished Creatures
  Harold (D:8)
  Joseph (D:8)
  A spiny frog (Lair:2)
  A hornet (D:10)
  Grinder (D:6)
  2 hippogriffs
  A yak (D:10)
  A hungry ghost (D:7)
  A water moccasin (D:7)
  4 porcupines
  2 ice beasts
  5 orc warriors
  A slave (D:8)
  An ogre (D:5)
  A centaur (D:4)
  2 crocodiles (D:10)
  3 bullfrogs
  A scorpion (D:10)
  A crimson imp (D:7)
  A centaur zombie (D:7)
  A bullfrog zombie (D:8)
  2 hounds
  2 jellies
  3 orc priests
  3 orc wizards
  An iguana (D:7)
  2 worker ants
  A hound skeleton (D:4)
  A worker ant zombie (D:4)
  8 gnolls
  5 adders
  An ooze (D:7)
  2 leopard geckos
  17 orcs
  A kobold (D:3)
  2 quokkas
  A leopard gecko skeleton (D:5)
  2 fungi (D:10)
87 creatures vanquished.

Notes
Turn   | Place    | Note
-------+----------+-------------------------------------------
     0 | D:1      | EnegeticOcto the Deep Dwarf Fighter began the quest for the
                  | Orb.
     0 | D:1      | Reached XP level 1. HP: 20/20 MP: 1/1
   135 | D:4      | Reached skill level 3 in Axes
   135 | D:4      | Reached XP level 2. HP: 24/27 MP: 2/2
   166 | D:4      | Noticed a centaur
   169 | D:4      | Reached XP level 3. HP: 29/33 MP: 3/3
   175 | D:4      | Reached skill level 4 in Axes
   189 | D:4      | Killed a centaur
   189 | D:4      | Reached skill level 5 in Axes
   189 | D:4      | Reached XP level 4. HP: 14/40 MP: 4/4
   224 | D:4      | Reached XP level 5. HP: 45/46 MP: 5/5
   234 | D:4      | Reached skill level 6 in Axes
   259 | D:5      | Entered Level 5 of the Dungeon
   303 | D:6      | Noticed an ogre
   304 | D:6      | Noticed Blork the orc
   338 | D:5      | Noticed an ogre
   349 | D:5      | Your magical essence is drained by the effort!
   354 | D:5      | Killed an ogre
   354 | D:5      | Reached skill level 7 in Axes
   354 | D:5      | Reached XP level 6. HP: 43/55 MP: 5/5
   418 | D:5      | Found Eppitig's Food Boutique.
   432 | D:6      | Found a shadowy altar of Dithmenos.
   432 | D:6      | Found a staircase to the Ecumenical Temple.
   432 | D:6      | Noticed Grinder
   432 | D:6      | Noticed an orc warrior
   436 | D:6      | Your magical essence is drained by the effort!
   444 | Temple   | Entered the Ecumenical Temple
   518 | Temple   | Became a worshipper of Uskayaw the Reveler
   547 | D:6      | Reached * piety under Uskayaw
   549 | D:6      | Reached ** piety under Uskayaw
   551 | D:6      | Reached *** piety under Uskayaw
   552 | D:6      | Killed an orc warrior
   552 | D:6      | Reached skill level 2 in Invocations
   552 | D:6      | Paralysed by Grinder for 6 turns
   552 | D:6      | Reached **** piety under Uskayaw
   566 | D:6      | Killed Grinder
   566 | D:6      | Reached skill level 8 in Axes
   566 | D:6      | Reached skill level 3 in Invocations
   566 | D:6      | Reached XP level 7. HP: 27/61 MP: 2/7
   635 | D:7      | Reached skill level 4 in Invocations
   660 | D:7      | Reached skill level 5 in Invocations
   662 | D:7      | Reached ***** piety under Uskayaw
   668 | D:7      | Reached skill level 9 in Axes
   710 | D:7      | Reached XP level 8. HP: 44/68 MP: 10/10
   712 | D:7      | Reached skill level 6 in Invocations
   802 | D:7      | Reached skill level 7 in Invocations
   829 | D:8      | Noticed Harold
   831 | D:8      | Reached skill level 10 in Axes
   844 | D:8      | Killed Harold
   844 | D:8      | Reached skill level 9 in Invocations
   844 | D:8      | Gained mutation: You passively map the area around you.
                  | [Deep Dwarf growth]
   844 | D:8      | Reached XP level 9. HP: 21/74 MP: 4/14
   861 | D:8      | Noticed Pikel
   868 | D:8      | Noticed Joseph
   879 | D:8      | Reached skill level 11 in Axes
   894 | D:8      | Killed Joseph
   894 | D:8      | Reached skill level 10 in Invocations
   990 | D:10     | Entered Level 10 of the Dungeon
  1062 | D:10     | Reached skill level 11 in Invocations
  1063 | D:10     | Reached skill level 12 in Axes
  1064 | D:10     | Your magical essence is drained by the effort!
  1066 | D:10     | Your magical essence is drained by the effort!
  1080 | D:10     | Found a staircase to the Lair.
  1100 | D:10     | Reached XP level 10. HP: 52/81 MP: 9/14
  1152 | D:9      | Found an iron altar of Okawaru.
  1153 | D:9      | Found a burning altar of Makhleb.
  1191 | Lair:1   | Entered Level 1 of the Lair of Beasts
  1234 | Lair:2   | Noticed a spiny frog
  1250 | Lair:2   | Killed a spiny frog
  1250 | Lair:2   | Reached skill level 3 in Fighting
  1312 | Lair:2   | Reached skill level 4 in Shields
  1313 | Lair:2   | Your magical essence is drained by the effort!
  1314 | Lair:2   | Your magical essence is drained by the effort!
  1324 | Lair:2   | Noticed a spiny frog
  1325 | Lair:2   | Noticed a black mamba
  1336 | Lair:2   | Slain by a spiny frog

Illustrated notes

Levels and vault maps discovered:
D:1:      lightli_molten_gateway, layout_loops_corners,
          minmay_misc_feat_more_columns
D:2:      layout_loops_cross, lemuel_round_altar, first_ration,
          kennysheep_minor_cross, uniq_jessica
D:3:      layout_loops_ring
D:4:      layout_loops_ring, chequers_temple_overflow_minitemple,
          minmay_fire_ice_demons, uniq_natasha, uniq_menkaure
D:5:      layout_basic, serial_shops, shop
D:6:      layout_loops_ring, grunt_dithmenos_smoke,
          minmay_temple_entry_proselytizer, lemuel_angel_altar, uniq_grinder,
          uniq_blork_the_orc
D:7:      layout_rooms
D:8:      layout_loops_corners, marbit_many_paths, special_room
          [special_room_kobold], uniq_harold, uniq_maurice, uniq_psyche,
          uniq_pikel, uniq_joseph
D:9:      layout_basic, grunt_temple_overflow_open, the_bakery
D:10:     layout_gridville, grunt_lair_entry_orc_guard_hut, uniq_gastronok
Temple:   dshaligram_water_room_temple
Lair:1:   layout_regular_city, grunt_megastairs_2
Lair:2:   layout_chaotic_city, dummy_snake_entry, uniq_urug

Skill      XL: |  1  2  3  4  5  6  7  8  9 10 |
---------------+-------------------------------+-----
Axes           | 3 5 7 8 9 10 12 | 12.3
Invocations    | 3 5 9 11 | 11.8
Fighting       | 3 |  3.2
Shields        | 4 |  4.0
Armour         | |  3.2

Action                   |  1- 3 |  4- 6 |  7- 9 | 10-12 || total
-------------------------+-------+-------+-------+-------++-------
Melee: War axe           |    34 |    60 |   172 |    33 ||   299
Invok: Stomp             |       |     1 |    13 |     2 ||    16
 Abil: Heal Wounds       |     1 |    10 |    16 |     6 ||    33
  Use: Scroll            |       |     4 |     1 |       ||     5
 Stab: Paralysed         |       |     2 |    21 |     3 ||    26
  Eat: Chunk             |       |       |     4 |       ||     4
       Ration            |       |       |     1 |       ||     1
Armor: Scale mail        |    23 |    41 |       |       ||    64
       Chain mail        |       |       |    22 |       ||    22
       Plate armour      |       |       |    82 |    20 ||   102
Dodge: Dodged            |    13 |    21 |    31 |     8 ||    73
Block: Kite shield       |    32 |    49 |   123 |    20 ||   224
